 Dungeon Crawl Stone Soup version 0.29.1-15-g9cfb28693d (webtiles) character file.

Game seed: 12334303893352461805

84 orbeus the Grave Robber (level 4, -2/32 HPs)
             Began as a Demonspawn Necromancer on Apr 16, 2023.
             Killed by nerve-wracking pain
             ... invoked by Grinder
              (13 damage)
             ... on level 3 of the Dungeon.
             The game lasted 00:18:30 (2886 turns).

orbeus the Grave Robber (Demonspawn Necromancer)    Turns: 2886, Time: 00:18:32

Health: -2/32      AC:  6    Str:  9    XL:     4   Next: 24%
Magic:  16/16      EV: 10    Int: 18    God:
Gold:   92         SH:  3    Dex: 13    Spells: 2/7 levels left

rFire   . . .      SeeInvis .   j - +0 dagger
rCold   . . .      Faith    .   z - +0 buckler
rNeg    . . .      Spirit   .   w - +0 ring mail
rPois   .          Reflect  .   q - +0 hat
rElec   .          Harm     .   p - +0 cloak
rCorr   .          Rampage  .   (no gloves)
Will    .....                   (no boots)
Stlth   +.........              (no amulet)
HPRegen 0.10/turn               i - ring of magical power
MPRegen 0.15/turn               (no ring)

@: no status effects
A: antennae 1, hooves 1
a: no special abilities


You were on level 3 of the Dungeon.
You visited 1 branch of the dungeon, and saw 4 of its levels.

You collected 92 gold pieces.

Inventory:

Hand Weapons
 j - a +0 dagger (weapon)
 m - a +0 trident
Missiles
 u - 3 javelins
Armour
 a - a +0 robe
 p - a +0 cloak (worn)
 q - a +0 hat (worn)
 w - a +0 ring mail (worn)
 z - a +0 buckler (worn)
Magical Staves
 y - a staff of fire
Jewellery
 i - a ring of magical power (left hand)
Scrolls
 c - 2 scrolls of teleportation
 d - 9 scrolls of identify {unknown}
 e - 2 scrolls of amnesia {unknown}
 h - a scroll of enchant weapon {unknown}
 k - 4 scrolls of noise {unknown}
 n - a scroll of silence {unknown}
 r - 2 scrolls of butterflies {unknown}
 t - a scroll of poison {unknown}
 x - a scroll of blinking {unknown}
Potions
 b - 2 potions of magic
 f - 2 potions of attraction {unknown}
 g - a potion of heal wounds {unknown}
 l - 6 potions of curing {unknown}
 o - 2 potions of mutation {unknown}
 s - a potion of invisibility {unknown}
 v - a potion of flight {unknown}


   Skills:
 + Level 1.6 Fighting
 + Level 2.5 Dodging
 - Level 2.0 Stealth
 + Level 0.0 Shields
 - Level 2.0 Spellcasting
 * Level 5.4 Necromancy


You had 2 spell levels left.
You knew the following spells:

 Your Spells              Type           Power      Damage    Failure   Level
a - Necrotise             Necr           84%        1d8       8%          1
d - Vampiric Draining     Necr           21%        2d7       24%         3
p - Apportation           Tloc           2%         N/A       56%         1

Your spell library contained the following spells:

 Spells                   Type           Power      Damage    Failure   Level
 Summon Small Mammal      Summ           4%         N/A       56%         1
 Animate Dead             Necr           21%        N/A       61%         4
 Conjure Flame            Conj/Fire      1%         6-21      91%         3
 Ignite Poison            Fire/Tmut/Pois 1%         N/A       91%         3
 Summon Guardian Golem    Hex/Summ       1%         N/A       91%         3
 Agony                    Necr           21%        N/A       91%         5
 Sticky Flame             Conj/Fire      1%         2d3       100%        4
 Alistair's Intoxication  Tmut/Pois      0%         N/A       100%        5
 Statue Form              Tmut/Erth      0%         N/A       100%        6
 Shatter                  Erth           0%         3d5*      100%        9


Dungeon Overview and Level Annotations

Branches:
Dungeon (4/15)
 Temple: D:4-7

Altars:
Xom

Annotations:
D:2 exclusion: downstairs
D:3 Grinder


Innate Abilities, Weirdness & Mutations

You have a pair of small antennae on your head.
You have large cloven feet.


Message History

The hobgoblin writhes in agony.
You kill the hobgoblin!
The dead are walking!
You now have 92 gold pieces (gained 17).
Magic restored.
Found a stone staircase leading down.
d - 9 scrolls labelled POICAF SEOGAETHI (gained 1)
A scorpion comes into view.
You see here 8 gold pieces.
You swap places.
Your hobgoblin skeleton crumbles into dust!
Unknown command.
A ball python comes into view.
There is a stone staircase leading up here.
You climb upwards.
Level annotation: Grinder
There is a stone staircase leading down here.
You climb downwards.
There is a stone staircase leading up here.
As you read the scroll labelled QAHA JASUUXOT, it crumbles to dust.
You feel strangely unstable.
It was a scroll of teleportation.
Casting: Necrotise (safe; 8% risk of failure)
Confirm with . or Enter, or press ? or * to list all spells.
You don't know that spell.
You climb upwards.
Level annotation: Grinder Your surroundings suddenly seem different.
Grinder shouts!
Grinder closely misses you. Grinder attacks as you move away! Grinder hits you.
You writhe in agony.
Grinder gestures at you. Pain shoots through your body!
Grinder blinks!
You hit Grinder.
Grinder is lightly wounded.
Grinder gestures at you. Pain shoots through your body!
Grinder gestures at you. Pain shoots through your body!
You die...

###.########.#.# #.#
#.#
#............#.####.#
#.#
###########..#......#
#.# #..######## #.####
##..##### #.....
#.......# #.####
#.......# #.#
#.....5.# #.#
#......@## ###
##.......######## .
..........ยง...... ..
.#............#### ..
#........###.# .
#.###.#### #.# ## ..
.....####.##########.
##..................'.
##......#.##########.


You could see Grinder.

Vanquished Creatures
  A gnoll (D:1)
  2 adders (D:2)
  A worm (D:2)
  A dart slug (D:1)
  4 bats
  3 endoplasms (D:2)
  A giant cockroach (D:2)
  A goblin (D:1)
  8 hobgoblins
  6 jackals
  6 ball pythons
  4 frilled lizards
  3 kobolds
  5 rats
46 creatures vanquished.

Vanquished Creatures (collateral kills)
  A bat (D:1)
  A hobgoblin (D:1)
  A ball python (D:2)
  A rat (D:1)
4 creatures vanquished.

Vanquished Creatures (others)
  A plant (D:3)
1 creature vanquished.

Grand Total: 51 creatures vanquished

Notes
Turn   | Place    | Note
-------+----------+-------------------------------------------
     0 | D:1      | orbeus the Demonspawn Necromancer began the quest for the
                  | Orb.
     0 | D:1      | Reached XP level 1. HP: 13/13 MP: 3/3
   200 | D:1      | Discovered your monstrous ancestry.
   200 | D:1      | Gained mutation: You have a pair of small antennae on your
                  | head. [demonic ancestry]
   200 | D:1      | Reached XP level 2. HP: 20/20 MP: 3/5
   267 | D:1      | Found a faded altar of an unknown god.
   280 | D:1      | Got the Treatise on Supportive Minerals
   624 | D:1      | Reached skill level 1 in Fighting
   641 | D:1      | Reached XP level 3. HP: 24/26 MP: 5/6
   768 | D:1      | Reached skill level 5 in Necromancy
   849 | D:1      | Learned a level 3 spell: Vampiric Draining
  1811 | D:2      | Gained mutation: You have large cloven feet. [demonic
                  | ancestry]
  1811 | D:2      | Reached XP level 4. HP: 32/32 MP: 7/7
  2259 | D:3      | Noticed Grinder
  2342 | D:3      | Found a shimmering altar of Xom.
  2471 | D:3      | Learned a level 1 spell: Apportation
  2803 | D:4      | Noticed a scorpion
  2886 | D:3      | Killed from afar by Grinder

Illustrated notes

Levels and vault maps discovered:
D:1:      lemuel_arrival_lava_pool, layout_basic,
          hellmonk_ecumenical_altar_zigzags
D:2:      layout_basic
D:3:      layout_basic, mainiacjoe_overflow_chevrons, vehumet_altar_wand_db,
          columned_hall_lemuel, due_unseen_surprise, uniq_sigmund, uniq_grinder
D:4:      layout_loops_ring, minmay_ruptured

Skill      XL: |  1  2  3 |
---------------+----------+-----
Stealth        | 2 |  2.0
Dodging        | 2 |  2.5
Fighting       | 1 |  1.6
Necromancy     | 5 |  5.4
Spellcasting   | |  2.0

Action                   |  1- 3 |  4- 6 || total
-------------------------+-------+-------++-------
Melee: Unarmed           |    17 |       ||    17
       Punch             |     1 |       ||     1
       Dagger            |     2 |     2 ||     4
 Cast: Necrotise         |    69 |    20 ||    89
  Use: Scroll            |       |     1 ||     1
 Stab: Sleeping          |     1 |       ||     1
Armor: Robe              |     7 |     2 ||     9
Dodge: Dodged            |    43 |     5 ||    48
